Map: Cyber Forest LE

Players

PeLLy - Winner!

  • Race: Zerg Zerg
  • League: Diamond
  • Spawn Location: 5:00

Atakov

  • Race: Zerg Zerg
  • League: Platinum
  • Spawn Location: 11:00

VOD

Have the link to the VOD?

Description

Time

  • Played on: Aug. 10, 2019, 5:22 a.m.
  • Length: 9:36
Show
View Real Time Build Order
Export as new Build Order

PeLLy Zerg - Winner!

Build Orders: Hatch First 

Get SALT Encoding   

  12  0:00  Drone  
  13  0:12  Overlord  
  13  0:21  Drone  
  14  0:32  Drone x2  
  16  0:35  Drone  
  17  0:53  Hatchery  
  17  0:56  Drone  
  17  1:03  Drone, Extractor  
  17  1:17  Spawning Pool  
  17  1:18  Drone  
  17  1:22  Drone  
  18  1:29  Drone  
  19  1:40  Overlord  
  19  2:12  Drone x4  
  19  2:13  Queen x2  
  27  2:17  Drone  
  28  2:24  Drone  
  28  2:27  Drone  
  28  2:29  Metabolic Boost  
  30  2:34  Drone  
  31  2:38  Zergling x2  
  32  2:45  Zergling x2  
  32  2:50  Zergling x2  
  34  2:59  Zergling x4  
  36  3:14  Lair  
  36  3:28  Hatchery  
  36  3:30  Drone  
  36  3:31  Overlord x4  
  36  3:36  Evolution Chamber  
  36  3:37  Evolution Chamber  
  36  3:41  Roach Warren  
  32  3:49  Drone x6  
  34  4:04  Zerg Missile Weapons Level 1  
  34  4:05  Zerg Melee Weapons Level 1  
  34  4:10  Drone  
  34  4:11  Drone x3  
  34  4:14  Extractor  
  34  4:16  Extractor  
  34  4:17  Extractor  
  35  4:24  Drone  
  35  4:25  Drone  
  35  4:26  Drone  
  38  4:44  Roach x4  
  46  4:47  Spine Crawler  
  46  4:49  Queen  
  46  4:51  Queen, Spine Crawler  
  48  4:53  Roach  
  50  5:01  Roach  
  50  5:06  Roach  
  54  5:15  Roach  
  54  5:19  Drone x3  
  59  5:26  Roach  
  59  5:27  Roach x2  
  65  5:34  Glial Reconstitution  
  65  5:37  Roach  
  67  5:44  Overlord x3  
  67  5:56  Hatchery  
  66  6:10  Roach x3  
  66  6:11  Roach x2  
  64  6:30  Roach  
  64  6:31  Roach x5  
  76  6:35  Ravager x4  
  80  6:45  Zerg Missile Weapons Level 2  
  80  6:54  Drone x5  
  79  7:05  Roach  
  79  7:06  Roach x2  
  73  7:16  Roach x3  
  73  7:17  Roach  
  81  7:34  Roach x2  
  81  7:35  Roach  
  85  7:44  Drone x8  
  85  7:46  Overlord  
  93  7:57  Drone x2  
  91  8:07  Roach  
  91  8:08  Roach x3  
  93  8:20  Roach x7  
  105  8:31  Extractor  
  105  8:33  Extractor  
  99  8:35  Spire  
  90  8:41  Roach  
  90  8:42  Roach x6  
  90  8:46  Ravager x2  
  90  8:48  Overlord x2  
  106  9:06  Ravager  
Show
View Real Time Build Order
Export as new Build Order

Atakov Zerg 

Build Orders: Hatch First 

Get SALT Encoding   

  12  0:01  Drone  
  13  0:16  Overlord  
  13  0:17  Drone  
  14  0:34  Drone x2  
  16  0:46  Drone  
  17  0:56  Drone  
  18  1:01  Hatchery  
  17  1:07  Drone  
  17  1:09  Extractor  
  17  1:14  Drone  
  18  1:21  Spawning Pool  
  18  1:24  Drone  
  18  1:32  Drone  
  19  1:45  Drone  
  20  1:57  Drone  
  21  2:10  Zergling x2  
  21  2:13  Queen x2  
  21  2:15  Drone  
  27  2:20  Drone  
  28  2:26  Overlord  
  28  2:49  Drone x5  
  33  3:14  Drone  
  33  3:15  Drone x2  
  33  3:16  Overlord  
  36  3:24  Overlord  
  36  3:32  Overlord  
  36  3:39  Roach Warren  
  35  3:49  Zergling x6  
  35  3:50  Zergling x8  
  40  4:01  Zergling x2  
  38  4:02  Metabolic Boost  
  38  4:07  Zergling x8  
  42  4:18  Queen x2  
  46  4:30  Roach x2  
  50  4:39  Roach  
  52  4:53  Hatchery  
  50  5:09  Overlord x4  
  50  5:14  Extractor  
  49  5:30  Drone x4  
  49  5:31  Drone x6  
  59  5:43  Pneumatized Carapace  
  56  6:15  Roach x6  
  56  6:16  Roach  
  65  6:23  Roach x4  
  65  6:24  Roach x3  
  76  6:48  Extractor  
  76  6:50  Extractor  
  63  7:03  Roach x6  
  63  7:04  Roach x3  
  63  7:34  Roach x2  
  63  7:35  Roach x3  
  73  8:02  Roach x3  
  73  8:03  Roach x3  
  77  8:07  Roach x3  
  77  8:08  Roach  
  73  8:19  Roach  
  77  8:20  Roach x4  
  75  8:42  Overlord  
  75  8:43  Overlord x3  
  75  8:52  Drone  
  76  9:03  Overlord x3  
  76  9:05  Ravager x6  
  76  9:06  Ravager  
  81  9:13  Hatchery  
Tags
 
Add a new tag
Caveats
  • Supply blocks, unpowered buildings, or Contaminate may cause inaccurate times.
  • Supply counts are checked every 10 seconds.